 Dungeon Crawl Stone Soup version 0.29.0-11-gd7f09526c8 (webtiles) character file.

Game seed: 12888821140920378641

2902 concernfroge the Fighter (level 9, -2/78 HPs)
             Began as a Mummy Monk on Sept 4, 2022.
             Was an Initiate of Gozag.
             Slain by an orc warrior
             ... wielding a +0 dire flail
              (13 damage)
             ... on level 9 of the Dungeon.
             The game lasted 00:23:58 (8569 turns).

concernfroge the Fighter (Mummy Monk)               Turns: 8569, Time: 00:23:59

Health: -2/78      AC: 16    Str: 18    XL:     9   Next: 49%
Magic:  9/9        EV:  6    Int:  9    God:    Gozag
Gold:   331        SH:  5    Dex: 15    Spells: 8/8 levels left

rFire   x . .      SeeInvis .   d - +1 whip (drain)
rCold   + . .      Faith    .   f - +0 buckler
rNeg    + + +      Spirit   .   y - +0 plate armour
rPois   ∞          Reflect  .   v - +0 helmet
rElec   .          Harm     .   h - +0 cloak
rCorr   .          Rampage  .   e - +0 pair of gloves
Will    +....                   u - +0 pair of boots
Stlth   ..........              (no amulet)
HPRegen 0.23/turn               (no ring)
MPRegen 0.11/turn               (no ring)

@: marked, gold aura
A: cold resistance 1, negative energy resistance 3, torment resistance 2, heat
vulnerability 1, in touch with death 1, no potions
a: Renounce Religion, Potion Petition, Call Merchant, Bribe Branch


You were on level 9 of the Dungeon.
You worshipped Gozag.
Gozag was aware of your devotion.
You visited 2 branches of the dungeon, and saw 10 of its levels.

You collected 699 gold pieces.
You paid 368 gold pieces to Gozag.

Inventory:

Hand Weapons
 a - a +0 spear
 d - a +1 whip of draining (weapon)
 z - a +0 battleaxe
 A - a +1 shortbow of flaming
Missiles
 j - 6 poisoned darts
 r - 3 javelins (quivered)
 t - 5 boomerangs
Armour
 e - a +0 pair of gloves (worn)
 f - a +0 buckler (worn)
 h - a +0 cloak (worn)
 u - a +0 pair of boots (worn)
 v - a +0 helmet (worn)
 y - a +0 plate armour (worn)
Scrolls
 b - a scroll of enchant weapon
 g - a scroll of brand weapon
 m - 2 scrolls of noise
 q - a scroll of immolation


   Skills:
 - Level 10.0 Fighting
 - Level 2.4 Polearms
 + Level 3.2 Throwing
 + Level 3.4 Armour
 - Level 4.0 Dodging
 - Level 1.5 Stealth
 + Level 3.1 Shields
 + Level 3.1 Evocations


You had 8 spell levels left.
You didn't know any spells.
Your spell library contained the following spells:

 Spells                   Type           Power      Damage    Failure   Level
 Ensorcelled Hibernation  Hex/Ice        0%         N/A       100%        2
 Portal Projectile        Hex/Tloc       0%         N/A       100%        3
 Tukima's Dance           Hex            0%         N/A       100%        3
 Anguish                  Hex/Necr       0%         N/A       100%        4
 Spider Form              Tmut/Pois      Unusable   N/A       N/A         3
 Blade Hands              Tmut           Unusable   N/A       N/A         5

Dungeon Overview and Level Annotations

Branches:
Dungeon (9/15)             Temple (1/1) D:6
   Lair: D:8-11         Orc: D:9-12

Altars:
Ashenzari
Cheibriados
Dithmenos
Fedhas
Gozag
Kikubaaqudgha
Makhleb
Okawaru
Qazlal
Ru
Sif Muna
Trog
Uskayaw
Vehumet
Wu Jian

Annotations:
D:3 3 runed translucent doors, stevemasterson's ghost, amateur DsGl
D:5 2 transporters
D:6 exclusion: downstairs
D:9 3 runed translucent doors, Erica; Psyche; gelatine's ghost, novice MiBe


Innate Abilities, Weirdness & Mutations

You are immune to poison.
Your flesh is cold resistant. (rC+)
You are immune to negative energy. (rN+++)
You are immune to unholy pain and torment.
You are vulnerable to heat. (rF-)
You are in touch with the powers of death.
You do not drink.


Message History

You swap places.
The hornet closely misses your butterfly.
Okay, then.
The hornet misses your butterfly.
An orc comes into view. It is wielding a +0 dagger.
An orc warrior comes into view. It is wielding a +0 dire flail.
An orc warrior comes into view. It is wielding a +0 dire flail.
The orc warrior throws a boomerang.
The boomerang hits you.
An orc warrior comes into view. It is wielding a +0 flail.
An orc comes into view. It is wielding a +0 flail.
An orc comes into view. It is wielding a +0 mace.
The orc moves out of view.
The orc warrior hits you with a +0 dire flail!
Okay, then.
You aren't carrying any items that you can evoke.
You whack the orc!
You kill the orc!
The orc warrior is distracted by your dazzling golden aura.
An orc comes into view. It is wielding a +0 hand axe.
The orc warrior hits you with a +0 dire flail!
* * * LOW HITPOINT WARNING * * *
You block the hornet's attack.
The orc warrior shouts!
The orc warrior cheers noisily.
You block the orc warrior's attack. The hornet stings you!
* * * LOW HITPOINT WARNING * * *
Things that are here:
7 gold pieces; a +0 dagger; 5 stones The hornet attacks as you move away!
The hornet stings you but does no damage.
The orc warrior attacks as you move away!
You block the orc warrior's attack.
The orc warrior attacks as you move away!
You block the orc warrior's attack.
As you read the scroll of butterflies, it crumbles to dust.
You hear the tinkle of a tiny bell.
The orc is distracted by your dazzling golden aura.
The orc warrior hits you with a +0 dire flail!
You die...
Your body crumbles into a pile of gold.

...#.# #.........#
####.# #.........##
#.# #..........## #.#
#............ #.#
#.........# #
#.#####..#K.#### #
#.##by..##.##
####.##K#####b######.#
.....##.# #.#o@bb..#
.....##y# #.yb######
.##..##K####oo###
.##((.KK..KoY.#
...[....###oo@#
...#..$$...(###
#.)#....$.#...
#.....K#.... #
..###........#


You could see a yak, a hornet (inner flame, ally target), 2 orc warriors, 3 orcs
and a kobold (inner flame).

Vanquished Creatures
  Harold (D:9)
  2 wyverns (D:9)
  3 water moccasins
  An ice beast (D:6)
  2 orc warriors
  A sky beast (D:6)
  A centaur (D:6)
  5 phantoms
  2 bullfrogs (D:8)
  A scorpion (D:4)
  2 hounds
  2 jellies
  3 orc priests
  A gnoll bouda (D:5)
  2 iguanas
  7 orc wizards
  9 gnolls
  7 adders
  2 worms
  12 orcs
  7 ball pythons
  3 endoplasms
  3 giant cockroaches
  6 goblins
  3 hobgoblins
  3 jackals (D:3)
  6 kobolds
  A quokka (D:4)
  2 bats
  2 frilled lizards (D:1)
  2 rats (D:1)
104 creatures vanquished.

Notes
Turn   | Place    | Note
-------+----------+-------------------------------------------
     0 | D:1      | concernfroge the Mummy Monk began the quest for the Orb.
     0 | D:1      | Reached XP level 1. HP: 18/18 MP: 1/1
   144 | D:1      | Found a faded altar of an unknown god.
   266 | D:1      | Reached XP level 2. HP: 24/24 MP: 2/2
   751 | D:2      | Reached skill level 4 in Fighting
   769 | D:2      | Gained mutation: You are in touch with the powers of death.
                  | [Mummy growth]
   769 | D:2      | Reached XP level 3. HP: 20/30 MP: 3/3
  1376 | D:2      | Reached XP level 4. HP: 38/38 MP: 4/4
  1482 | D:3      | Reached skill level 5 in Fighting
  1560 | D:3      | Found a stormy altar of Qazlal.
  1839 | D:3      | Found an opulent altar of Gozag.
  1844 | D:3      | Became a worshipper of Gozag Ym Sagoz the Greedy
  1878 | D:3      | Found a shadowy altar of Dithmenos.
  2317 | D:3      | Found a runed translucent gate.
  2317 | D:3      | Found a runed translucent gate.
  2317 | D:3      | Noticed stevemasterson's ghost (amateur DsGl)
  2318 | D:3      | Found a runed translucent gate.
  2319 | D:3      | Identified the +5 scale mail of the Everdark {+Blink Will+
                  | SInv}
  2918 | D:4      | Reached XP level 5. HP: 37/46 MP: 5/5
  3055 | D:4      | Reached skill level 6 in Fighting
  3533 | D:5      | Entered Level 5 of the Dungeon
  3783 | D:5      | Found a transporter.
  3796 | D:5      | Found a transporter.
  3797 | D:5      | Noticed a phantom
  3827 | D:5      | Killed a phantom
  3828 | D:5      | Reached skill level 7 in Fighting
  3828 | D:5      | Reached XP level 6. HP: 30/55 MP: 6/6
  4052 | D:5      | Found an iron altar of Okawaru.
  4511 | D:5      | Reached skill level 8 in Fighting
  4516 | D:5      | Reached XP level 7. HP: 59/62 MP: 7/7
  4764 | D:5      | Found a bloodstained altar of Trog.
  5201 | D:6      | Found a staircase to the Ecumenical Temple.
  5212 | Temple   | Entered the Ecumenical Temple
  5454 | D:6      | Reached skill level 9 in Fighting
  5890 | D:6      | Reached XP level 8. HP: 46/72 MP: 8/8
  5896 | D:6      | Reached skill level 10 in Fighting
  6749 | D:6      | Found a shimmering blue altar of Sif Muna.
  6759 | D:6      | Reached skill level 1 in Throwing
  6760 | D:6      | Reached skill level 1 in Armour
  6760 | D:6      | Reached skill level 1 in Shields
  6760 | D:6      | Reached skill level 1 in Evocations
  7833 | D:9      | Noticed Harold
  7848 | D:9      | Reached XP level 9. HP: 30/78 MP: 9/9
  7855 | D:9      | Noticed Erica
  8083 | D:9      | Found a runed translucent gate.
  8083 | D:9      | Found a runed translucent gate.
  8084 | D:9      | Found a runed translucent gate.
  8084 | D:9      | Noticed gelatine's ghost (novice MiBe)
  8552 | D:9      | Killed Harold
  8552 | D:9      | Noticed Psyche
  8569 | D:9      | Slain by an orc warrior

Illustrated notes

Levels and vault maps discovered:
D:1:      amcnicky_arrival_underground_garden, layout_rooms,
          shapermc_ecumenical_altar_starsandcircs
D:2:      layout_basic
D:3:      layout_loops_cross, nicolae_qazlal_general_emergency,
          mainiacjoe_overflow_two_lobes, biasface_ghost_orc_armoury,
          amcnicky_mini_corridor_feature, kennysheep_cluttered_room,
          bh_walls_and_bars
D:4:      layout_basic
D:5:      gammafunk_wand_slinger, layout_basic, mainiacjoe_overflow_catwalk,
          mainiacjoe_overflow_chevrons
D:6:      layout_loops_corners, kennysheep_orc_sif_temple,
          minmay_temple_entry_mini_moons, serial_glass, glass_columns_a,
          glass_columns_c
D:7:      layout_rooms
D:8:      layout_cave_pools, lemuel_crystal_altar
D:9:      layout_rooms, david_orc_2, enter_bailey_4, gammafunk_ghost_ooze,
          minmay_between, uniq_harold, uniq_erica, uniq_psyche
Temple:   chequers_temple_sunken

Skill      XL: |  1  2  3  4  5  6  7  8  9 |
---------------+----------------------------+-----
Fighting       | 4 5 7 8 9 10 | 10.0
Throwing       | 2 3 |  3.2
Armour         | 2 3 |  3.4
Shields        | 2 3 |  3.1
Evocations     | 2 3 |  3.1
Dodging        | 3 4 |  4.0
Polearms       | |  2.4
Stealth        | |  1.5

Action                   |  1- 3 |  4- 6 |  7- 9 || total
-------------------------+-------+-------+-------++-------
Melee: Spear             |    12 |       |       ||    12
       Whip              |    63 |   185 |   303 ||   551
Throw: Dart              |       |    10 |     1 ||    11
       Javelin           |       |     4 |     9 ||    13
       Boomerang         |       |       |    11 ||    11
       Throwing net      |       |       |     1 ||     1
Invok: Potion Petition   |       |       |     1 ||     1
Evoke: Wand              |       |       |    10 ||    10
  Use: Scroll            |       |     5 |    12 ||    17
 Stab: Sleeping          |     3 |     4 |       ||     7
       Distracted        |     1 |       |       ||     1
Armor: Robe              |    19 |     3 |       ||    22
       Leather armour    |       |    10 |       ||    10
       Chain mail        |       |    62 |    40 ||   102
       Plate armour      |       |       |   226 ||   226
Dodge: Dodged            |    43 |    69 |    94 ||   206
Block: Buckler           |     6 |    23 |    60 ||    89
